 Dungeon Crawl Stone Soup version 0.23-a0-207-g93a313e (webtiles) character file.

8680 royalsmiley the Cleaver (level 11, -1/99 HPs)
             Began as a Deep Dwarf Fighter on Sept 24, 2018.
             Was a Follower of Makhleb.
             Slain by a deep troll (13 damage)
             ... on level 9 of the Dungeon.
             The game lasted 00:23:41 (7447 turns).

royalsmiley the Cleaver (Deep Dwarf Fighter)        Turns: 7447, Time: 00:23:42

Health: -1/99      AC: 22    Str: 23    XL:     11   Next: 13%
Magic:  0/0        EV:  7    Int:  9    God:    Makhleb [*.....]
Gold:   380        SH: 12    Dex: 12    Spells: 10/10 levels left

rFire    . . .     SeeInvis .   z - +2 scimitar (slice)
rCold    . . .     Gourm    .   c - +0 shield
rNeg     . . .     Faith    .   l - +6 chain mail
rPois    .         Spirit   .   (no helmet)
rElec    .         Reflect  .   (no cloak)
rCorr    .         Harm     .   o - +0 pair of gloves
MR       +....                  p - +2 pair of boots
Stlth    ..........             (no amulet)
HPRegen  0.00/turn              (no ring)
MPRegen  0.07/turn              (no ring)

@: non-regenerating
A: damage resistance, heal wounds, sense surroundings 2, no regeneration
a: Heal Wounds, Renounce Religion


You were on level 9 of the Dungeon.
You worshipped Makhleb.
Makhleb was aware of your devotion.
You were not hungry.

You visited 1 branch of the dungeon, and saw 9 of its levels.
You also visited: Ossuary.

You collected 456 gold pieces.
You spent 76 gold pieces at shops.

Inventory:

Hand Weapons
 a - a +0 war axe
 z - a +2 scimitar of slicing (weapon)
Missiles
 A - 6 throwing nets (quivered)
Armour
 c - a +0 shield (worn)
 l - a +6 chain mail (worn)
 o - a +0 pair of gloves (worn)
 p - a +2 pair of boots (worn)
Jewellery
 j - an uncursed ring of wizardry
 x - a +2 ring of dexterity {unknown}
 E - an uncursed ring of positive energy {unknown}
Wands
 b - a wand of digging (26)
 i - a wand of disintegration (17)
 q - a wand of acid (6)
 G - a wand of paralysis (7)
Scrolls
 g - 11 scrolls of identify
 v - 3 scrolls of amnesia
 w - 4 scrolls of remove curse
 y - 4 scrolls of teleportation
 F - a scroll of magic mapping
Potions
 d - 4 potions of might
 e - 8 potions of curing
 h - 3 potions of agility {unknown}
 k - 5 potions of lignification {unknown}
 m - 4 potions of heal wounds {unknown}
 n - a potion of haste {unknown}
 r - 2 potions of cancellation {unknown}
 s - a potion of mutation {unknown}
 t - 2 potions of brilliance {unknown}
 u - 2 potions of flight {unknown}
 B - a potion of magic {unknown}
Comestibles
 f - 15 rations


   Skills:
 + Level 6.6 Fighting
 + Level 6.1 Long Blades
 + Level 11.1 Axes
 * Level 9.2 Armour
 - Level 0.4 Dodging
 - Level 1.0 Stealth
 + Level 9.0 Shields


You had 10 spell levels left.
You didn't know any spells.
Your spell library contained the following spells:

 Spells                   Type           Power        Failure   Level  Hunger
 Apportation              Tloc           #.....       99%         1    ##.....
 Summon Butterflies       Summ           #.......     99%         1    ##.....
 Lesser Beckoning         Tloc           #.........   100%        3    ####...
 Tukima's Dance           Hex            #.......     100%        3    ####...
 Alistair's Intoxication  Tmut/Pois      #.......     100%        5    ######.
 Invisibility             Hex            #.......     100%        6    #######


Dungeon Overview and Level Annotations

Branches:
Dungeon (9/15)             Temple (0/1) D:6            Lair (0/6) D:9
    Orc: D:9-12

Altars:
Cheibriados
Dithmenos
Gozag
Hepliaklqana
Kikubaaqudgha
Makhleb
Nemelex Xobeh
Okawaru
Qazlal
Ru
Uskayaw
Xom
Yredelemnul
Jiyva

Shops:
D:4 *   D:5 }?(   D:6 (


Innate Abilities, Weirdness & Mutations

You are resistant to damage.
You can heal yourself by infusing magical energy.
You passively map the area around you.
You do not regenerate.


Message History

The iron troll claws you but does no damage.
The iron troll bites you but does no damage.
The iron troll claws you but does no damage.
You block the iron troll's attack. You block the troll's attack.
The troll claws you but does no damage. The troll claws you.
Why would you want to do that? Why would you want to do that?
Unknown command.
Unknown command.
You slash the troll!
You kill the troll!
Makhleb accepts your kill.
You feel better. The deep troll bites you! You block the deep troll's attack.
The iron troll bites you but does no damage.
The iron troll claws you but does no damage.
The iron troll claws you. The iron troll bites you!!
* * * LOW HITPOINT WARNING * * *
The iron troll claws you but does no damage. x2
The deep troll bites you!
You die...

#####
#.....≈≈≈≈≈≈≈....#..#####.
##....≈≈≈≈≈≈≈........# #.
#....≈≈≈≈≈≈≈......#.# #.
#....≈####≈≈....#.#.# #.
#########....≈#.T#≈≈....#.#.#
#.
........#....≈#ZT#≈≈....#.#.##
#.
#######.#....≈#TT#≈≈....#.#..#
#.
#..<#.#....≈##T#≈≈....#.##.###.
#.###.#....≈≈≈@≈≈≈......##..##.
#)# #.#......TTT........###.##.
##.###'#....≈≈≈.≈≈≈....#.#
#..#.
##...........≈≈#T##≈....#.#
##.#.
.............≈≈#..#≈....#.#
#.#.
##...........≈≈#..#≈....#.#
#.#. ######'#....≈≈#(.#≈....#.#
#.>. #.#....≈≈####≈....#.# ##(.
#......≈≈≈≈≈≈≈....#.#####..


You could see 2 iron trolls, a deep troll, 6 trolls and a wyvern zombie.

Vanquished Creatures
  Harold (D:7)
  The ghost of feelmyfire the Carver, a novice DsGl of Hepliaklqana (D:7)
  Maurice (D:9)
  Joseph (D:7)
  Psyche (D:8)
  The ghost of Chirez the Sneak, a novice SpSu of Vehumet (D:8)
  A troll (D:9)
  Grinder (D:4)
  A slime creature (D:8)
  2 hippogriffs
  A vampire (D:9)
  6 yaks
  A steam dragon (D:8)
  Duvessa (D:4)
  A black bear (D:9)
  2 ice beasts
  3 orc warriors
  2 sky beasts
  A necrophage (D:8)
  3 ogres
  2 phantoms (D:5)
  2 centaurs
  A big kobold (D:9)
  5 bullfrogs
  A gnoll sergeant (D:6)
  Dowan (D:4)
  2 water moccasin zombies (Ossuary)
  3 scorpions
  A water moccasin skeleton (D:5)
  The ghost of Arum the Shield-Bearer, a weakling DDFi (D:3)
  3 wights (D:8)
  2 electric eels (D:9)
  A vampire bat (D:8)
  A bullfrog zombie (D:7)
  5 crimson imps
  2 centaur zombies
  3 jellies (D:8)
  3 orc priests
  3 bullfrog skeletons
  6 hounds
  2 iguanas (D:5)
  7 orc wizards
  6 worker ants
  3 big kobold zombies (Ossuary)
  A hound zombie (D:7)
  A hound skeleton (D:8)
  2 mummies (Ossuary)
  10 gnolls
  7 adders
  2 shadow imps
  4 oozes
  8 adder zombies
  2 adder skeletons
  3 worms
  A dart slug (D:2)
  10 leopard geckos
  21 orcs
  3 bat skeletons (D:8)
  A bat zombie (D:8)
  8 giant cockroaches
  5 goblins
  6 hobgoblins
  7 jackals
  9 kobolds
  3 quokkas
  3 bats
  4 frilled lizards
  A gnoll zombie (Ossuary)
  5 hobgoblin zombies (Ossuary)
  5 kobold zombies (Ossuary)
  2 leopard gecko zombies
  3 orc zombies (Ossuary)
  2 quokka skeletons (D:4)
  8 rats
245 creatures vanquished.

Notes
Turn   | Place    | Note
-------+----------+-------------------------------------------
     0 | D:1      | royalsmiley the Deep Dwarf Fighter began the quest for the
                  | Orb.
     0 | D:1      | Reached XP level 1. HP: 20/20 MP: 1/1
   112 | D:1      | Reached XP level 2. HP: 27/27 MP: 2/2
   847 | D:2      | Reached XP level 3. HP: 32/34 MP: 3/3
   873 | D:2      | Noticed a bullfrog
   879 | D:2      | Killed a bullfrog
   879 | D:2      | Reached skill level 3 in Axes
   879 | D:2      | Reached XP level 4. HP: 40/42 MP: 4/4
  1193 | D:2      | Reached XP level 5. HP: 47/49 MP: 5/5
  1487 | D:3      | Found a runed gate.
  1488 | D:3      | Found a runed gate.
  1488 | D:3      | Noticed Arum's ghost (weakling DDFi)
  1493 | D:3      | Found a runed gate.
  1571 | D:3      | Found a sacrificial altar of Ru.
  1645 | D:3      | Killed Arum's ghost
  1645 | D:3      | Reached skill level 4 in Axes
  1879 | D:3      | Found an opulent altar of Gozag.
  2142 | D:3      | Found a stormy altar of Qazlal.
  2182 | D:3      | Noticed an air elemental
  2183 | D:3      | Noticed a water elemental
  2183 | D:3      | Noticed a fire elemental
  2320 | D:3      | Found an iron altar of Okawaru.
  2519 | D:4      | Found a sand-covered staircase.
  2535 | Ossuary  | Entered an ossuary
  2569 | Ossuary  | Reached XP level 6. HP: 52/56 MP: 6/6
  2591 | Ossuary  | Reached skill level 5 in Axes
  2877 | D:4      | Noticed Grinder
  2885 | D:4      | Killed Grinder
  2885 | D:4      | Reached skill level 6 in Axes
  2885 | D:4      | Reached skill level 5 in Shields
  2885 | D:4      | Reached XP level 7. HP: 49/63 MP: 7/7
  2957 | D:4      | Reached skill level 7 in Axes
  3060 | D:4      | Noticed Duvessa
  3060 | D:4      | Noticed Dowan
  3081 | D:4      | Killed Duvessa
  3092 | D:4      | Killed Dowan
  3136 | D:4      | Found Gilub's Assorted Antiques.
  3139 | D:4      | Bought a scroll of identify for 48 gold pieces
  3242 | D:4      | Found a snail-covered altar of Cheibriados.
  3250 | D:4      | Reached skill level 5 in Armour
  3369 | D:5      | Entered Level 5 of the Dungeon
  3379 | D:5      | Reached XP level 8. HP: 70/73 MP: 7/7
  3417 | D:5      | Reached skill level 8 in Axes
  3439 | D:5      | Found a glowing drain.
  3458 | D:5      | Found Zyadear's Magic Scroll Shop.
  3461 | D:5      | Bought a scroll of identify for 28 gold pieces
  3592 | D:5      | Found Efymaa's Gadget Boutique.
  4029 | D:5      | Found Kozoq's Weapon Boutique.
  4079 | D:5      | Reached skill level 9 in Axes
  4332 | D:6      | Found a sparkling altar of Nemelex Xobeh.
  4351 | D:6      | Gained mutation: You passively map the area around you.
                  | [Deep Dwarf growth]
  4351 | D:6      | Reached XP level 9. HP: 44/79 MP: 8/8
  4386 | D:6      | Found a staircase to the Ecumenical Temple.
  4403 | D:6      | Found Ziria's Antique Weapon Shop.
  4563 | D:6      | Reached skill level 10 in Axes
  4617 | D:6      | Found a hide-covered altar of Uskayaw.
  4850 | D:7      | Found a runed gate.
  4851 | D:7      | Found a runed gate.
  4851 | D:7      | Found a runed gate.
  4861 | D:7      | Noticed Harold
  4865 | D:7      | Reached skill level 5 in Fighting
  4901 | D:7      | Killed Harold
  4901 | D:7      | Reached skill level 11 in Axes
  4983 | D:7      | Noticed feelmyfire's ghost (novice DsGl)
  5030 | D:7      | Noticed Joseph
  5055 | D:7      | Killed Joseph
  5055 | D:7      | Reached skill level 1 in Long Blades
  5099 | D:7      | Killed feelmyfire's ghost
  5099 | D:7      | Reached XP level 10. HP: 63/91 MP: 4/4
  5204 | D:7      | Found a stormy altar of Qazlal.
  5480 | D:8      | Found a runed gate.
  5480 | D:8      | Found a runed gate.
  5480 | D:8      | Found a runed gate.
  5482 | D:8      | Noticed Chirez's ghost (novice SpSu)
  5495 | D:8      | Noticed Psyche
  5497 | D:8      | Found a viscous altar of Jiyva.
  5527 | D:8      | Killed Psyche
  5668 | D:8      | Found a burning altar of Makhleb.
  5686 | D:8      | Became a worshipper of Makhleb the Destroyer
  5762 | D:8      | Reached skill level 1 in Stealth
  5809 | D:8      | Found a shimmering altar of Xom.
  5809 | D:8      | Found a basalt altar of Yredelemnul.
  5817 | D:8      | Found a shadowy altar of Dithmenos.
  5892 | D:8      | Found an ancient bone altar of Kikubaaqudgha.
  6077 | D:8      | Reached skill level 5 in Long Blades
  6213 | D:8      | Killed Chirez's ghost
  6308 | D:9      | Noticed Maurice
  6347 | D:9      | Killed Maurice
  6618 | D:9      | Reached * piety under Makhleb
  6636 | D:9      | Reached XP level 11. HP: 73/99 MP: 2/2
  6712 | D:9      | Found a staircase to the Lair.
  6867 | D:9      | Got a transparent leather armour
  6878 | D:9      | Identified the cursed +1 leather armour of Too Many Cooks
                  | {-Tele Dex+9} (You found it on level 9 of the Dungeon)
  7215 | D:9      | Found a hazy altar of Hepliaklqana.
  7430 | D:9      | Noticed a deep troll
  7433 | D:9      | Noticed an iron troll
  7434 | D:9      | Noticed an iron troll
  7447 | D:9      | Slain by a deep troll

Vault maps used:
D:1:      onia_arrival_mini_maze_b, st_stairs_13, minmay_unequal
D:2:      first_ration
D:3:      overflow_temple_1_default, grunt_gozag_statues, lemuel_crystal_altar,
          gammafunk_ghost_split, nicolae_qazlal_style_of_elements
D:4:      cheibriados_altar_1, lightli_ossuary_entry_decrepit_ruins,
          serial_shops, nicolae_shop_behind_doors, uniq_duvessa, uniq_grinder
D:5:      serial_shops, nicolae_shop_behind_doors, shop, shop_fountains,
          portal_sewer_entry_f
D:6:      eat_drink_and_be_merry_uskayaw, nemelex_xobeh_ov_fountains_minmay,
          temple_fountains, serial_shops, shop
D:7:      lemuel_doored_altar, gammafunk_ghost_split, grunt_ogre_cave,
          uniq_joseph, uniq_harold
D:8:      kennysheep_vampire_church, makhleb_blood_cavern_becter,
          grunt_temple_overflow_open, gammafunk_ghost_ooze,
          kennysheep_generic_room_9, uniq_psyche
D:9:      lemuel_troll_bridge, nicolae_overflow_crystal_walls, lair_entry_dummy,
          uniq_maurice
Ossuary:  ossuary_tomb_2

Skill      XL: |  1  2  3  4  5  6  7  8  9 10 11 |
---------------+----------------------------------+-----
Fighting       | 3 4 5 6 |  6.6
Axes           | 3 4 6 7 9 11 | 11.1
Shields        | 4 5 6 7 8 9 |  9.0
Armour         | 4 5 7 8 9 |  9.2
Long Blades    | 2 5 6 |  6.1
Stealth        | 1 |  1.0
Dodging        | |  0.4

Action                   |  1- 3 |  4- 6 |  7- 9 | 10-12 || total
-------------------------+-------+-------+-------+-------++-------
Melee: War axe           |    56 |   263 |   339 |       ||   658
       Scimitar          |       |       |    45 |   463 ||   508
 Abil: Heal Wounds       |       |     2 |    10 |    22 ||    34
  Use: Scroll            |       |    13 |     3 |     4 ||    20
  Eat: Chunk             |       |     6 |     8 |     7 ||    21
       Ration            |       |       |       |     1 ||     1
Armor: Scale mail        |    20 |     5 |       |       ||    25
       Chain mail        |       |   149 |   275 |   635 ||  1059
Dodge: Dodged            |    17 |    58 |    78 |   261 ||   414
Block: Shield            |    40 |   159 |   216 |   464 ||   879
       Rpst.: Scimitar   |       |       |     1 |    84 ||    85

Table legend:
 A = Non-vault XP
 B = Vault XP
 C = Vault XP percentage of total XP
 D = Non-vault monster count
 E = Vault monster count
 F = Vault count percentage of total count
                 A         B        C        D         E       F
            +---------+---------+-------+---------+---------+-------
      Total |    5888 |    6512 |  52.5 |     173 |      72 |  29.4
            +---------+---------+-------+---------+---------+-------
        D:1 |      23 |      15 |  39.5 |      14 |       5 |  26.3
        D:2 |     180 |       0 |   0.0 |      21 |       0 |   0.0
        D:3 |      12 |      79 |  86.8 |       5 |       5 |  50.0
        D:4 |     279 |     510 |  64.6 |      16 |       3 |  15.8
        D:5 |    1051 |      14 |   1.3 |      27 |       5 |  15.6
        D:6 |    1005 |       0 |   0.0 |      27 |       0 |   0.0
        D:7 |     251 |    2716 |  91.5 |      10 |       7 |  41.2
        D:8 |    1444 |    1508 |  51.1 |      21 |      14 |  40.0
        D:9 |    1643 |    1349 |  45.1 |      32 |       5 |  13.5
    Ossuary |       0 |     321 | 100.0 |       0 |      28 | 100.0
            +---------+---------+-------+---------+---------+-------
